 Dungeon Crawl Stone Soup version 0.17-a0-910-ga669010 (console) character file.

55 sose the Chiller (level 3, -3/21 HPs)
             Began as a High Elf Ice Elementalist on May 2, 2015.
             Slain by a worm (9 damage)
             ... on level 2 of the Dungeon.
             The game lasted 00:03:14 (1395 turns).

sose the Chiller (High Elf Ice Elementalist)        Turns: 1395, Time: 00:03:14

Health: -3/21      AC:  4    Str:  7    XL:     3   Next: 67%
Magic:  2/7        EV: 13    Int: 19    God:
Gold:   84         SH:  0    Dex: 16    Spells: 2 memorised, 3 levels left

rFire  . . .     SeeInvis .     f - +0 whip
rCold  . . .     Clarity  .     a - +1 robe
rNeg   . . .     SustAb   .     (no shield)
rPois  .         Gourm    .     (no helmet)
rElec  .         Spirit   .     g - +0 cloak
rCorr  .         Warding  .     (no gloves)
rMut   .         Stasis   .     (no boots)
MR     .....                    (no amulet)
Stlth  ++........               (no ring)
                                (no ring)

@: very slightly contaminated, not resistant to hostile enchantments, unstealthy
A: no striking features
a: no special abilities


You were on level 2 of the Dungeon.
You were not hungry.

You visited 1 branch of the dungeon, and saw 2 of its levels.

You collected 84 gold pieces.

Inventory:

Hand weapons
 f - a +0 whip (weapon)
Armour
 a - a +1 robe (worn)
 g - a +0 cloak (worn)
Scrolls
 e - a scroll of identify
Potions
 d - 2 potions of curing
 h - a potion of agility {unknown}
Books
 b - a book of Frost

   Spells                             Type                      Level
   a - Freeze                         Ice                          1
   b - Throw Frost                    Conjuration/Ice              2
   c - Ozocubu's Armour               Charms/Ice                   3
   d - Throw Icicle                   Conjuration/Ice              4
   e - Summon Ice Beast               Ice/Summoning                4
   f - Condensation Shield            Ice                          4
 n - a book of Dreams

   Spells                             Type                      Level
   a - Ensorcelled Hibernation        Hexes/Ice                    2
   b - Flight                         Charms/Air                   3
   c - Phase Shift                    Translocation                5
   d - Shadow Creatures               Summoning                    5
   e - Mass Confusion                 Hexes                        6
   f - Darkness                       Hexes                        7
Comestibles
 c - a bread ration
 k - a meat ration
 m - a chunk of flesh


   Skills:
 - Level 2.1 Dodging
 - Level 2.1 Stealth
 - Level 2.4 Spellcasting
 + Level 1.4 Conjurations
 + Level 4.6 Ice Magic


You had 3 spell levels left.
You knew the following spells:

 Your Spells              Type           Power        Failure   Level  Hunger
a - Freeze                Ice            ###.         2%          1    #......
b - Throw Frost           Conj/Ice       ##....       10%         2    ##.....


Dungeon Overview and Level Annotations

Branches:
Dungeon (2/15)

Altars:


Message History

Press: ? - help, Shift-Dir - straight line, f/p - worm
Aim: a worm The puff of frost hits the worm.
The worm is lightly wounded.
Casting: Throw Frost
Confirm with . or Enter, or press ? or * to list all spells.
Aiming: Throw Frost
Press: ? - help, Shift-Dir - straight line, f/p - worm
Aim: a worm (lightly wounded)
The puff of frost hits the worm.
The worm is heavily wounded.
Casting: Throw Frost
Confirm with . or Enter, or press ? or * to list all spells.
Aiming: Freeze
Press: ? - help, Shift-Dir - straight line, f/p - worm
Aim: a worm (heavily wounded)
You miscast Freeze.
You are very lightly contaminated with residual magic.
You feel a strange surge of energy! The worm bites you!
You die...

###.......#......,*,,*,,*#
########.........######*,*,**#.##
.................# *,#.* #.##
.................# *.#.###..#
.................# #.(......#
........########.# #.........
........# ###<#### #.........
.......w#### #......####.........
...........###..@...##...........
######.##....#..w................
#.##....#.................##
##.##....#.................#
#........#...#.....#....####
#....#.#.............)..#
#....#.##....#.....##...#
#....#.##.####.....######
#....#.##.###################


You could see a worm.

Vanquished Creatures
  2 adders (D:2)
  2 worms (D:2)
  A giant gecko (D:2)
  4 bats
  2 giant cockroaches (D:1)
  5 hobgoblins
  2 kobolds
  4 giant newts (D:1)
  5 goblins
  4 rats (D:1)
31 creatures vanquished.

Notes
Turn   | Place    | Note
--------------------------------------------------------------
     0 | D:1      | sose, the High Elf Ice Elementalist, began the quest for the Orb.
     0 | D:1      | Reached XP level 1. HP: 11/11 MP: 4/4
   317 | D:1      | Reached XP level 2. HP: 15/17 MP: 3/6
   927 | D:1      | Reached skill level 4 in Ice Magic
   992 | D:2      | Reached XP level 3. HP: 11/21 MP: 1/7
  1248 | D:2      | Learned a level 2 spell: Throw Frost
  1310 | D:2      | HP: 1/21 [worm (7)]
  1395 | D:2      | Slain by a worm

Action                   || total
-------------------------++-------
Melee: Unarmed           ||     3
       Dagger            ||     7
       Whip              ||     4
 Cast: Freeze            ||    62
       Throw Frost       ||     2
  Use: Scroll            ||     6
 Stab: Sleeping          ||     2
  Eat: Chunk             ||     2
